HSSL
OTSEGO HS BULLDOGS @ BISHOP GORMAN HS BALBASAURS
04/10/2026
 
TOP OF THE 1ST
Otsego HS Bulldogs batting - Pitching for Bishop Gorman HS Balbasaurs : RHP Chris Cantrell
Pitching: RHP Chris Cantrell
Batting: RHB Tommy Miller 0-0: Foul Ball, location: 2F
0-1: Ball
1-1: Fly out, F8 (Flyball, 78M)
Batting: RHB Pedro Ayala 0-0: Called Strike
0-1: Called Strike
0-2: Foul Ball, location: 2F
0-2: Ball
1-2: Ball
2-2: Ball
3-2: Base on Balls
Batting: RHB Dave Marshall 0-0: Swinging Strike
0-1: Swinging Strike
0-2: Ball
1-2: Strikes out swinging
Batting: LHB Bill Poe 0-0: Ground out 5-3 (Groundball, 5S)
Top of the 1st over - 0 run(s), 0 hit(s), 0 error(s), 1 left on base; Otsego HS 0 - Bishop Gorman HS 0
BOTTOM OF THE 1ST
Bishop Gorman HS Balbasaurs batting - Pitching for Otsego HS Bulldogs : RHP Larry Simonds
Pitching: RHP Larry Simonds
Batting: RHB Steve Murphy 0-0: Called Strike
0-1: Ball
1-1: Swinging Strike
1-2: Strikes out swinging
Batting: RHB Jake Rutledge 0-0: Ball
1-0: Ball
2-0: Fly out, F8 (Flyball, 8LM)
Batting: LHB Jean-Sébastien Beaudin 0-0: SINGLE (Flyball, 7LM)
Batting: RHB Max Kimball 0-0: Ball
Jean-Sébastien Beaudin steals 2nd base
1-0: Ball
2-0: Ground out 5-3 (Groundball, 56S)
Bottom of the 1st over - 0 run(s), 1 hit(s), 0 error(s), 1 left on base; Otsego HS 0 - Bishop Gorman HS 0
TOP OF THE 2ND
Otsego HS Bulldogs batting - Pitching for Bishop Gorman HS Balbasaurs : RHP Chris Cantrell
Batting: RHB Matt Dundee 0-0: Ball
1-0: Ball
2-0: Called Strike
2-1: Ball
3-1: Foul Ball, location: 2F
3-2: Strikes out looking
Batting: LHB Dave Wilkinson 0-0: Fly out, F8 (Flyball, 8LM)
Batting: RHB Michael Carr 0-0: Foul Ball, location: 2F
0-1: Ball
1-1: Ball
2-1: Ball
3-1: Base on Balls
Batting: LHB José Serrano 0-0: Swinging Strike
0-1: Foul Ball, location: 2F
0-2: Ball
1-2: Ball
2-2: Ball
3-2: Strikes out swinging
Top of the 2nd over - 0 run(s), 0 hit(s), 0 error(s), 1 left on base; Otsego HS 0 - Bishop Gorman HS 0
BOTTOM OF THE 2ND
Bishop Gorman HS Balbasaurs batting - Pitching for Otsego HS Bulldogs : RHP Larry Simonds
Batting: RHB Sidney Gilbert 0-0: Ball
1-0: Foul Ball, location: 2F
1-1: Called Strike
1-2: Reached on error, E6 (Groundball, 6)
Batting: LHB Zhen-bang Rao 0-0: Called Strike
0-1: TRIPLE (Flyball, 9LM)
Sidney Gilbert scores
Batting: RHB Ramón Chávez 0-0: Called Strike
0-1: Swinging Strike
0-2: Ball
1-2: Strikes out looking
Batting: RHB Mario Ramírez 0-0: Ball
1-0: Ball
2-0: Ball
3-0: Base on Balls
Batting: RHB Bryan Martínez 0-0: Foul Ball, location: 2F
0-1: Ball
1-1: Swinging Strike
1-2: 3-RUN HOME RUN (Flyball, 7LD), Distance : 353 ft
Batting: RHB Steve Murphy 0-0: Ball
1-0: Called Strike
1-1: Ball
2-1: Called Strike
2-2: Ball
3-2: Strikes out looking
Batting: RHB Jake Rutledge 0-0: Ball
1-0: Foul Ball, location: 2F
1-1: Foul Ball, location: 2F
1-2: Foul Ball, location: 2F
1-2: Ball
2-2: Foul Ball, location: 2F
2-2: Foul Ball, location: 2F
2-2: Ground out 6-3 (Groundball, 6)
Bottom of the 2nd over - 4 run(s), 2 hit(s), 1 error(s), 0 left on base; Otsego HS 0 - Bishop Gorman HS 4
TOP OF THE 3RD
Otsego HS Bulldogs batting - Pitching for Bishop Gorman HS Balbasaurs : RHP Chris Cantrell
Batting: RHB Tim Anderson 0-0: Ground out 5-3 (Groundball, 5S)
Batting: RHB Tommy Miller 0-0: Ball
1-0: Ball
2-0: TRIPLE (Flyball, 8LM)
Batting: RHB Pedro Ayala 0-0: Ball
1-0: Ball
2-0: Foul Ball, location: 2F
2-1: Ground out 1-3 (Groundball, 13)
Batting: RHB Dave Marshall 0-0: Ball
1-0: Ball
2-0: SINGLE (Groundball, 56D)
Tommy Miller scores
Batting: LHB Bill Poe 0-0: DOUBLE (Line Drive, 7LS)
Dave Marshall to third
Batting: RHB Matt Dundee 0-0: Called Strike
0-1: Ball
1-1: Swinging Strike
1-2: Ground out 4-3 (Groundball, 4)
Top of the 3rd over - 1 run(s), 3 hit(s), 0 error(s), 2 left on base; Otsego HS 1 - Bishop Gorman HS 4
BOTTOM OF THE 3RD
Bishop Gorman HS Balbasaurs batting - Pitching for Otsego HS Bulldogs : RHP Larry Simonds
Batting: LHB Jean-Sébastien Beaudin 0-0: Foul Ball, location: 2F
0-1: Ground out 4-3 (Groundball, 4)
Batting: RHB Max Kimball 0-0: Ball
1-0: Ball
2-0: Ball
3-0: Base on Balls
Batting: RHB Sidney Gilbert 0-0: Ball
1-0: Called Strike
1-1: Ball
2-1: Foul Ball, location: 2F
2-2: Ball
3-2: Base on Balls
Max Kimball to second
Batting: LHB Zhen-bang Rao 0-0: Foul Ball, location: 2F
0-1: Called Strike
0-2: Ball
1-2: Ball
2-2: Ball
3-2: Ground out 5-3 (Groundball, 56S)
Max Kimball to third
Sidney Gilbert to second
Batting: RHB Ramón Chávez 0-0: Ground out 1-3 (Groundball, 13)
Bottom of the 3rd over - 0 run(s), 0 hit(s), 0 error(s), 2 left on base; Otsego HS 1 - Bishop Gorman HS 4
TOP OF THE 4TH
Otsego HS Bulldogs batting - Pitching for Bishop Gorman HS Balbasaurs : RHP Chris Cantrell
Batting: LHB Dave Wilkinson 0-0: Ball
1-0: DOUBLE (Line Drive, 9LM) - OUT at third base trying to stretch hit.
Batting: RHB Michael Carr 0-0: SINGLE (Line Drive, 9LM)
Batting: LHB José Serrano 0-0: Fly out, F3 (Popup, 23F)
Batting: RHB Tim Anderson 0-0: Called Strike
Michael Carr is caught stealing 2nd base
Top of the 4th over - 0 run(s), 2 hit(s), 0 error(s), 0 left on base; Otsego HS 1 - Bishop Gorman HS 4
BOTTOM OF THE 4TH
Bishop Gorman HS Balbasaurs batting - Pitching for Otsego HS Bulldogs : RHP Larry Simonds
Batting: RHB Mario Ramírez 0-0: SINGLE (Groundball, 4M)
Batting: RHB Bryan Martínez 0-0: Ball
1-0: Ball
2-0: Ball
3-0: Base on Balls
Mario Ramírez to second
Batting: RHB Steve Murphy 0-0: Called Strike
0-1: Ball
1-1: Fly out, F8 (Flyball, 8LM)
Batting: RHB Jake Rutledge 0-0: Ball
1-0: SINGLE (Groundball, 56)
Mario Ramírez to third
Bryan Martínez to second
Runner from 3rd tries for Home, SAFE, no throw or cutoff
Batting: LHB Jean-Sébastien Beaudin 0-0: Called Strike
0-1: Reached on error, E3 (Groundball, 3)
Bryan Martínez to third
Jake Rutledge to second
Batting: RHB Max Kimball 0-0: Swinging Strike
0-1: Called Strike
0-2: Ball
1-2: SINGLE (Groundball, 56)
Bryan Martínez scores
Jake Rutledge to third
Jean-Sébastien Beaudin to second
Batting: RHB Sidney Gilbert 0-0: Foul Ball, location: 2F
0-1: Grounds into double play, 6-4-3 (Groundball, 6M)
Bottom of the 4th over - 2 run(s), 3 hit(s), 1 error(s), 2 left on base; Otsego HS 1 - Bishop Gorman HS 6
TOP OF THE 5TH
Otsego HS Bulldogs batting - Pitching for Bishop Gorman HS Balbasaurs : RHP Chris Cantrell
Batting: RHB Tim Anderson 0-0: Ball
1-0: Called Strike
1-1: Swinging Strike
1-2: Ball
2-2: Ground out 4-3 (Groundball, 4M)
Batting: RHB Tommy Miller 0-0: Called Strike
0-1: Ball
1-1: Ball
2-1: Called Strike
2-2: Strikes out swinging
Batting: RHB Pedro Ayala 0-0: Ball
1-0: Ball
2-0: Foul Ball, location: 2F
2-1: Ball
3-1: Reached on error, E5 (Groundball, 56S)
Batting: RHB Dave Marshall 0-0: Ball
1-0: Ball
2-0: Called Strike
2-1: Foul Ball, location: 2F
2-2: Foul Ball, location: 2F
2-2: Ball
3-2: Base on Balls
Pedro Ayala to second
Batting: LHB Bill Poe 0-0: SINGLE (Line Drive, 9S)
Pedro Ayala to third
Dave Marshall to second
Throwing error, E9
Pedro Ayala scores
Dave Marshall to third
Bill Poe to second
Batting: RHB Matt Dundee 0-0: SINGLE (Line Drive, 8LS)
Dave Marshall scores
Bill Poe to third
Throwing error, E7
Bill Poe scores
Matt Dundee to second
Batting: LHB Dave Wilkinson 0-0: Called Strike
0-1: SINGLE (Groundball, 3D)
Matt Dundee to third
Runner from 3rd tries for Home, SAFE, no throw or cutoff
Pitching: RHP Ronnie Couch
Batting: RHB Michael Carr 0-0: Ball
1-0: Ball
2-0: Ball
3-0: Base on Balls
Dave Wilkinson to second
Batting: LHB José Serrano 0-0: Called Strike
0-1: Ball
1-1: Called Strike
1-2: Foul Ball, location: 2F
1-2: Fly out, F7 (Line Drive, 78M)
Top of the 5th over - 4 run(s), 3 hit(s), 3 error(s), 2 left on base; Otsego HS 5 - Bishop Gorman HS 6
BOTTOM OF THE 5TH
Bishop Gorman HS Balbasaurs batting - Pitching for Otsego HS Bulldogs : RHP Larry Simonds
Pitching: RHP Francisco Maldonado
Batting: LHB Zhen-bang Rao 0-0: Ball
1-0: Ball
2-0: Ball
3-0: Base on Balls
Batting: RHB Ramón Chávez 0-0: Foul Ball, location: 2F
0-1: 2-RUN HOME RUN (Line Drive, 7LD), Distance : 362 ft
Batting: RHB Mario Ramírez 0-0: Called Strike
0-1: Foul Ball, location: 2F
0-2: Strikes out looking
Batting: RHB Bryan Martínez 0-0: Foul Ball, location: 2F
0-1: Fly out, F9 (Flyball, 9S)
Batting: RHB Steve Murphy 0-0: Swinging Strike
0-1: Ground out U3 (Groundball, 3L)
Bottom of the 5th over - 2 run(s), 1 hit(s), 0 error(s), 0 left on base; Otsego HS 5 - Bishop Gorman HS 8
TOP OF THE 6TH
Otsego HS Bulldogs batting - Pitching for Bishop Gorman HS Balbasaurs : RHP Ronnie Couch
Batting: RHB Tim Anderson 0-0: Ball
1-0: Called Strike
1-1: DOUBLE (Flyball, 8LM)
Batting: RHB Tommy Miller 0-0: Foul Ball, location: 2F
0-1: Ball
1-1: Called Strike
1-2: Ball
2-2: Ball
3-2: Foul Ball, location: 2F
3-2: Base on Balls
Batting: RHB Pedro Ayala 0-0: Called Strike
0-1: Called Strike
0-2: Fly out, F8 (Flyball, 8RM)
Batting: RHB Dave Marshall 0-0: Called Strike
0-1: Called Strike
0-2: Strikes out looking
Batting: LHB Bill Poe 0-0: Ball
1-0: Ball
2-0: Swinging Strike
2-1: Ball
3-1: Swinging Strike
3-2: Foul Ball, location: 2F
3-2: Base on Balls
Tim Anderson to third
Tommy Miller to second
Batting: RHB Matt Dundee 0-0: Called Strike
0-1: Ground out 5-3 (Groundball, 15S)
Top of the 6th over - 0 run(s), 1 hit(s), 0 error(s), 3 left on base; Otsego HS 5 - Bishop Gorman HS 8
BOTTOM OF THE 6TH
Bishop Gorman HS Balbasaurs batting - Pitching for Otsego HS Bulldogs : RHP Francisco Maldonado
Batting: RHB Jake Rutledge 0-0: Ground out 6-3 (Groundball, 6M)
Batting: LHB Jean-Sébastien Beaudin 0-0: Ball
1-0: Ball
2-0: Called Strike
2-1: Ball
3-1: Base on Balls
Batting: RHB Max Kimball 0-0: Called Strike
0-1: Foul Ball, location: 2F
0-2: Ball
1-2: Strikes out swinging
Batting: RHB Sidney Gilbert 0-0: Ball
1-0: Called Strike
1-1: Ball
2-1: Swinging Strike
2-2: Foul Ball, location: 2F
Pickoff Throw to First - Error! E1
Jean-Sébastien Beaudin to second
2-2: Foul Ball, location: 2F
2-2: Foul Ball, location: 2F
2-2: Ball
3-2: Ground out 6-3 (Groundball, 6M)
Bottom of the 6th over - 0 run(s), 0 hit(s), 1 error(s), 1 left on base; Otsego HS 5 - Bishop Gorman HS 8
TOP OF THE 7TH
Otsego HS Bulldogs batting - Pitching for Bishop Gorman HS Balbasaurs : RHP Ronnie Couch
Batting: LHB Dave Wilkinson 0-0: Ball
1-0: SINGLE (Flyball, 7S)
Batting: RHB Michael Carr 0-0: Ball
1-0: Ball
2-0: Ball
3-0: Base on Balls
Dave Wilkinson to second
Pitching: RHP Keith Crabtree
Batting: LHB José Serrano 0-0: Foul Ball, location: 2F
0-1: Ball
1-1: Ball
2-1: Ball
3-1: Base on Balls
Dave Wilkinson to third
Michael Carr to second
Batting: RHB Tim Anderson 0-0: Ball
1-0: Ball
2-0: Ball
3-0: Base on Balls
Dave Wilkinson scores
Michael Carr to third
José Serrano to second
Batting: RHB Tommy Miller 0-0: Ball
1-0: SINGLE (Line Drive, 89S)
Michael Carr scores
José Serrano to third
Tim Anderson to second
Batting: RHB Pedro Ayala 0-0: Foul Ball, location: 2F
0-1: Ball
1-1: Called Strike
1-2: Ball
2-2: Strikes out swinging
Batting: RHB Dave Marshall 0-0: SINGLE (Line Drive, 34)
José Serrano scores
Tim Anderson to third
Tommy Miller to second
Batting: LHB Bill Poe 0-0: Ball
1-0: Ball
2-0: SINGLE (Flyball, 7S)
Tim Anderson scores
Tommy Miller to third
Dave Marshall to second
Runner from 3rd tries for Home, SAFE, no throw or cutoff
Pitching: RHP Rafael Moreno
Batting: RHB Matt Dundee 0-0: Called Strike
0-1: Ball
1-1: Swinging Strike
1-2: Strikes out swinging
Batting: LHB Dave Wilkinson 0-0: Foul Ball, location: 2F
0-1: Ground out 1-3 (Groundball, 13S)
Top of the 7th over - 5 run(s), 4 hit(s), 0 error(s), 2 left on base; Otsego HS 10 - Bishop Gorman HS 8
BOTTOM OF THE 7TH
Bishop Gorman HS Balbasaurs batting - Pitching for Otsego HS Bulldogs : RHP Francisco Maldonado
Pitching: LHP Germán Ramírez
Batting: LHB Zhen-bang Rao 0-0: Ground out 4-3 (Groundball, 4)
Batting: RHB Ramón Chávez 0-0: Foul Ball, location: 2F
0-1: Fly out, F8 (Flyball, 8RM)
Batting: RHB Mario Ramírez 0-0: Fly out, F7 (Line Drive, 78M)
Bottom of the 7th over - 0 run(s), 0 hit(s), 0 error(s), 0 left on base; Otsego HS 10 - Bishop Gorman HS 8
TOP OF THE 8TH
Otsego HS Bulldogs batting - Pitching for Bishop Gorman HS Balbasaurs : RHP Rafael Moreno
Batting: RHB Michael Carr 0-0: Ball
1-0: Fly out, F3 (Popup, 3F)
Batting: LHB José Serrano 0-0: Ball
1-0: Foul Ball, location: 2F
1-1: Ball
2-1: Called Strike
2-2: Ball
3-2: Foul Ball, location: 2F
3-2: Foul Ball, location: 2F
3-2: Base on Balls
Batting: RHB Tim Anderson 0-0: Grounds into double play, 1-6-3 (Groundball, 15)
Top of the 8th over - 0 run(s), 0 hit(s), 0 error(s), 0 left on base; Otsego HS 10 - Bishop Gorman HS 8
BOTTOM OF THE 8TH
Bishop Gorman HS Balbasaurs batting - Pitching for Otsego HS Bulldogs : LHP Germán Ramírez
Now in LF: Mike Tate
Now in CF: Dave Hickman
Batting: RHB Bryan Martínez 0-0: Swinging Strike
0-1: Ball
1-1: Swinging Strike
1-2: Strikes out swinging
Batting: RHB Steve Murphy 0-0: Called Strike
0-1: Swinging Strike
0-2: Strikes out looking
Batting: RHB Jake Rutledge 0-0: Called Strike
0-1: Fly out, F8 (Flyball, 8LS)
Bottom of the 8th over - 0 run(s), 0 hit(s), 0 error(s), 0 left on base; Otsego HS 10 - Bishop Gorman HS 8
TOP OF THE 9TH
Otsego HS Bulldogs batting - Pitching for Bishop Gorman HS Balbasaurs : RHP Rafael Moreno
Pitching: RHP Will Brown
Batting: RHB Tommy Miller 0-0: Ball
1-0: Ground out 5-3 (Groundball, 5S)
Batting: RHB Pedro Ayala 0-0: Ball
1-0: Ball
2-0: Foul Ball, location: 2F
2-1: Swinging Strike
2-2: Strikes out looking
Batting: RHB Dave Marshall 0-0: Fly out, F3 (Popup, 3SF)
Top of the 9th over - 0 run(s), 0 hit(s), 0 error(s), 0 left on base; Otsego HS 10 - Bishop Gorman HS 8
BOTTOM OF THE 9TH
Bishop Gorman HS Balbasaurs batting - Pitching for Otsego HS Bulldogs : LHP Germán Ramírez
Pitching: RHP Robinson Jiménez
Batting: LHB Jean-Sébastien Beaudin 0-0: Ball
1-0: Called Strike
1-1: SINGLE (Flyball, 8RS)
Batting: RHB Max Kimball 0-0: Ball
1-0: Foul Ball, location: 2F
1-1: Ball
2-1: Called Strike
2-2: Strikes out swinging
Batting: RHB Sidney Gilbert 0-0: Ball
1-0: Ball
2-0: Ball
3-0: Base on Balls
Jean-Sébastien Beaudin to second
Batting: LHB Zhen-bang Rao 0-0: Foul Ball, location: 2F
0-1: Ball
1-1: Called Strike
1-2: Grounds into double play, U6-3 (Groundball, 6)
Bottom of the 9th over - 0 run(s), 1 hit(s), 0 error(s), 1 left on base; Otsego HS 10 - Bishop Gorman HS 8
Monday, December 5th, 2016 - OOTP Baseball 17.12 Build 75